 Dungeon Crawl Stone Soup version 0.31-a0-965-g8a8ce12e04 (webtiles) character file.

Game seed: 15644853519481728534

59983 Morbidden the Protected (level 14, 89/126 HPs)
             Began as an Armataur Fighter on Oct 25, 2023.
             Was a High Priest of Okawaru.
             Quit the game on level 13 of the Dungeon on Oct 26, 2023.
             The game lasted 00:30:18 (22854 turns).

Morbidden the Protected (Armataur Fighter)         Turns: 22854, Time: 00:30:19

Health: 89/126     AC: 39    Str: 38    XL:     14   Next: 55%
Magic:  19/19      EV:  4    Int: 13    God:    Okawaru [*****.]
Gold:   1228       SH:  6    Dex:  9    Spells: 13/13 levels left

rFire   . . .        a - +2 war axe (drain)
rCold   . . .        c - +0 buckler
rNeg    . . .        W - +8 orange crystal plate armour {Archmagi, Int+3 Clar}
rPois   .            p - +0 helmet
rElec   .            i - +2 cloak
rCorr   .            v - +0 pair of gloves
SInv    .            X - +0 barding {Stlth+}
Will    +....        H - amulet of the acrobat Stlth
                     L - +6 ring of strength
HPRegen 0.41/turn    M - +6 ring of strength
MPRegen 0.16/turn

%: acrobat, clarity, roll, archmagi
@: on fire, glowing
A: large, rugged brown scales 3, deformed body, armoured tail, roll, long
tongue, awkward tongue
a: Renounce Religion, Heroism, Finesse, Duel


You were on level 13 of the Dungeon.
You worshipped Okawaru.
Okawaru was extremely pleased with you.
You visited 3 branches of the dungeon, and saw 19 of its levels.
You also visited: Sewer and Ossuary.

You collected 1458 gold pieces.
You spent 230 gold pieces at shops.

Inventory:

Hand Weapons
 a - a +2 war axe of draining (weapon)
 b - a +2 vampiric morningstar
Missiles
 f - 43 poisoned darts (quivered)
 w - 9 throwing nets
 E - a curare-tipped dart
 R - 2 silver javelins
 S - 13 boomerangs
Armour
 c - a +0 buckler (worn)
 i - a +2 cloak (worn)
 p - a +0 helmet (worn)
 r - a +3 plate armour of poison resistance
 v - a +0 pair of gloves (worn)
 y - a +0 ring mail of fire resistance
 K - a +3 ring mail of cold resistance
 W - the +8 orange crystal plate armour (worn) {Archmagi, Int+3 Clar}
   (Okawaru gifted it to you on level 5 of the Lair of Beasts)

   Int+3:     It affects your intelligence (+3).
   Clar:      It protects you from confusion, rage, mesmerisation and fear.
 X - a +0 barding of stealth (worn)
Jewellery
 o - a ring of positive energy
 s - the ring "Ytasui" {Fire rCorr Dex+3}
   (You found it on level 4 of the Dungeon)

   [ring of fire]

   Fire:      It enhances your fire magic.
   Dex+3:     It affects your dexterity (+3).
   rF+:       It protects you from fire.
   rC-:       It makes you vulnerable to cold.
   rCorr:     It protects you from acid and corrosion.
 H - an amulet of the acrobat (around neck)
 L - a +6 ring of strength (left hand)
 M - a +6 ring of strength (right hand)
Talismans
 D - a serpent talisman
Wands
 u - a wand of polymorph (6)
 A - a wand of paralysis (22)
 B - a wand of flame (23)
 P - a wand of iceblast (4)
 T - a wand of light (2)
Scrolls
 e - a scroll of immolation
 k - 3 scrolls of identify
 m - 4 scrolls of fog
 q - 4 scrolls of blinking
 F - 5 scrolls of vulnerability
 I - a scroll of silence
 N - 8 scrolls of teleportation
 O - a scroll of fear
 Q - 2 scrolls of poison
 U - a scroll of enchant armour
 V - a scroll of brand weapon
 Z - a scroll of revelation {unknown}
Potions
 d - 4 potions of might
 g - a potion of berserk rage
 h - 8 potions of curing
 j - 4 potions of lignification
 l - 2 potions of attraction
 n - 3 potions of brilliance
 t - 5 potions of enlightenment
 x - 2 potions of mutation
 z - 2 potions of ambrosia {unknown}
 C - 2 potions of magic
 G - 2 potions of heal wounds
 J - 3 potions of cancellation
 Y - a potion of haste {unknown}


   Skills:
 * Level 9.1 Fighting
 * Level 12.1(12.9) Axes
 * Level 7.6(11.3) Maces & Flails
 + Level 1.5 Throwing
 * Level 12.8 Armour
 * Level 6.2 Dodging
 + Level 1.4 Stealth
 * Level 9.2 Shields
 * Level 7.5 Invocations
 * Level 4.9 Shapeshifting


You had 13 spell levels left.
You didn't know any spells.
Your spell library contained the following spells:

 Spells                   Type           Power      Damage    Failure   Level
 Static Discharge         Conj/Air       0%         3-3/arc   99%         2
 Sublimation of Blood     Necr           0%         N/A       99%         2
 Wereblood                Tmut           0%         N/A       99%         2
 Gell's Gravitas          Tloc           0%         N/A       100%        3
 Ignite Poison            Fire/Tmut/Pois 0%         N/A       100%        3
 Stone Arrow              Conj/Erth      0%         3d7       100%        3
 Teleport Other           Tloc           0%         N/A       100%        3
 Airstrike                Air            0%         2d(0-16)  100%        4
 Manifold Assault         Tloc           0%         N/A       100%        4
 Dispersal                Tloc           0%         N/A       100%        6
 Lehudib's Crystal Spear  Conj/Erth      0%         10d2      100%        8
 Animate Armour           Summ/Erth      Unusable   N/A       N/A         4
 Summon Lightning Spire   Summ/Air       Unusable   N/A       N/A         4
 Summon Hydra             Summ           Unusable   N/A       N/A         7

Dungeon Overview and Level Annotations

Branches:
Dungeon (13/15)            Temple (1/1) D:4            Lair (5/5) D:11
  Swamp (0/4) Lair:3        Snake (0/4) Lair:2        Slime (0/5) Lair:4
    Orc (0/2) D:10          Sewer (visited)         Ossuary (visited)
 Vaults: D:13-14

Altars:
Ashenzari
Cheibriados
Dithmenos
Elyvilon
Fedhas
Gozag
Hepliaklqana
Kikubaaqudgha
Makhleb
Nemelex Xobeh
Okawaru
Qazlal
Ru
Sif Muna
Trog
Uskayaw
Vehumet
Wu Jian
Xom
Yredelemnul
Zin
The Shining One
Jiyva

Shops:
D:6 ?   D:13 *

Annotations:
D:13 exclusion: door
Lair:4 2 transporters, Opifex's ghost, journeyman MiMo


Innate Abilities, Weirdness & Mutations

You are completely covered in rugged brown scales. (AC +3, +7% HP)
Armour fits poorly on your strangely shaped body.
You have a long armoured tail.
You roll when moving toward enemies. (Rampage)
Your long tongue fully drains potion bottles. (2x potion effects)
Your tongue gives you trouble enunciating. (1.5x scroll delay)


Message History

The deep elf pyromancer is almost dead.
You are covered in liquid flames!
You are no longer on fire.
The deep elf pyromancer gestures at you while chanting.
The sticky flame hits you but does no damage.
You are covered in liquid flames!
You slice the deep elf pyromancer!!
You kill the deep elf pyromancer!
Okawaru accepts your kill.
You are covered in liquid flames!
Unknown command.
No target in view!
Unknown command.
You are on fire!
No target in view!
Unknown command.
No target in view!
You are on fire!
Unknown command.
No target in view!
Unknown command.
You are on fire!
No target in view!
You are on fire!
No target in view!
You are on fire!
You are on fire!
You are on fire!
Unknown command.
Level annotation: exclusion: door Welcome back, Morbidden the Armataur Fighter.
Okawaru says: Bring me glory in combat!
Press ? for a list of commands and other information.
Unknown command.
Unknown command.
Unknown command.
You are on fire!
Unknown command.
Unknown command.
Are you sure you want to abandon this character and quit the game? (Confirm with "yes".)

...# #.# #..#...# ..^#
#.# #..#...# ...# #.#
#..#<..# ...####.#
#..#...#### ....<...#
#..#......#
........####..#.<#####
...####..........#
...# #........ยง.###
...# #.........@).#
...# ###########)..#
...# ...# ...# ...8#
...# ...## ...# #.##
...# .# ...# .# ...#


There were no monsters in sight!

Vanquished Creatures
  Azrael (D:13)
  Harold (D:11)
  4 hydras
  2 centaur warriors (D:13)
  A merfolk avatar (Lair:5)
  3 two-headed ogres
  3 boulder beetles
  2 death yaks (Lair:1)
  Amaemon (Lair:3)
  5 skysharks
  5 skeletal warriors (D:13)
  An arcanist (D:13)
  An ugly thing (D:12)
  Pikel (D:6)
  5 deep elf pyromancers
  2 manticores
  3 cyclopes
  A salamander (Lair:2)
  4 black mambas
  Maurice (D:11)
  Joseph (D:7)
  5 elephants
  2 unseen horrors (D:12)
  2 torpor snails
  An orange demon (Lair:3)
  6 cane toads
  5 rime drakes
  Maggie (D:9)
  A kobold demonologist (D:10)
  7 komodo dragons
  4 trolls
  2 tengu conjurers (D:13)
  6 polar bears
  5 hornets
  A wind drake (Lair:5)
  13 blink frogs
  Grinder (D:5)
  A snapping turtle (Lair:5)
  A slime creature (D:9)
  2 wraiths
  3 wyverns
  4 fire elementals (D:13)
  3 shadows
  60 yaks
  A vampire (D:8)
  A basilisk (Lair:5)
  4 steam dragons
  An unseen horror simulacrum (D:9)
  4 vampire mosquitoes (D:11)
  Edmund (D:6)
  2 nagas (Lair:2)
  16 water moccasins
  3 acid dragons
  An ice beast (D:6)
  3 orc warriors
  2 black bears
  A sky beast (D:8)
  9 wolves
  4 ogres
  12 centaurs
  A boggart (D:9)
  2 lemures (D:6)
  6 kobold brigands
  18 bullfrogs
  An elf zombie (Ossuary)
  A gnoll sergeant (D:9)
  2 scorpions
  12 wights
  14 killer bees
  4 electric eels
  3 howler monkeys (D:12)
  3 centaur zombies (Ossuary)
  4 orc priests
  2 human zombies (Ossuary)
  4 hounds
  2 iguanas
  A sleepcap (D:8)
  A malarious merfolk avatar (Sewer)
  A sickly merfolk siren (Sewer)
  6 orc wizards
  2 mummies (Ossuary)
  15 gnolls
  10 adders
  6 river rats
  4 white imps
  An adder zombie (Ossuary)
  2 worms
  3 dart slugs
  31 orcs
  7 ball pythons
  4 bats
  7 endoplasms
  7 giant cockroaches
  4 goblins
  5 hobgoblins
  2 jackals (D:5)
  15 kobolds
  9 quokkas
  6 frilled lizards
  A goblin zombie (Ossuary)
  6 hobgoblin zombies (Ossuary)
  2 jackal zombies (Ossuary)
  7 kobold zombies (Ossuary)
  13 orc zombies (Ossuary)
  28 rats
  A rat zombie (Ossuary)
  A butterfly (Lair:1)
536 creatures vanquished.

Vanquished Creatures (others)
  A shadow (D:13)
1 creature vanquished.

Grand Total: 537 creatures vanquished

Notes
Turn   | Place    | Note
-------+----------+-------------------------------------------
     0 | D:1      | Morbidden the Armataur Fighter began the quest for the Orb.
     0 | D:1      | Reached XP level 1. HP: 19/19 MP: 1/1
   108 | D:1      | Reached XP level 2. HP: 27/27 MP: 2/2
   562 | D:2      | Reached XP level 3. HP: 22/33 MP: 3/3
  1026 | D:2      | Found a faded altar of an unknown god.
  1339 | D:3      | Noticed an ogre
  1347 | D:3      | Killed an ogre
  1348 | D:3      | Reached XP level 4. HP: 10/42 MP: 4/4
  1348 | D:3      | Reached XP level 5. HP: 12/49 MP: 5/5
  2509 | D:4      | Reached skill level 1 in Dodging
  2625 | D:4      | Reached XP level 6. HP: 55/55 MP: 6/6
  2628 | D:4      | Found a staircase to the Ecumenical Temple.
  2636 | Temple   | Entered the Ecumenical Temple
  2659 | Temple   | Became a worshipper of Warmaster Okawaru
  2713 | D:4      | Identified the +1 cloak of Awe {Harm Rampage Str+7 Dex-5}
  2895 | D:4      | Identified the ring "Ytasui" {Fire rCorr Dex+3}
  3297 | D:5      | Entered Level 5 of the Dungeon
  3363 | D:5      | Noticed Grinder
  3455 | D:5      | Reached XP level 7. HP: 52/63 MP: 7/7
  3543 | D:5      | Reached * piety under Okawaru
  3579 | D:5      | Found a glowing drain.
  3589 | Sewer    | Entered a sewer
  3884 | Sewer    | Reached skill level 5 in Armour
  3884 | Sewer    | Reached skill level 1 in Invocations
  4882 | D:5      | Killed Grinder
  4883 | D:5      | Reached skill level 5 in Axes
  4883 | D:5      | Reached XP level 8. HP: 64/71 MP: 7/9
  4977 | D:6      | Noticed Edmund
  4997 | D:6      | Killed Edmund
  5085 | D:6      | Noticed Pikel
  5118 | D:6      | Killed Pikel
  5119 | D:6      | Reached skill level 5 in Shields
  5134 | D:6      | Found a sand-covered staircase.
  5143 | Ossuary  | Entered an ossuary
  5640 | Ossuary  | Reached ** piety under Okawaru
  5667 | Ossuary  | Reached skill level 5 in Fighting
  5707 | Ossuary  | Reached XP level 9. HP: 78/79 MP: 11/11
  6104 | D:6      | Found Papnyir's Magic Scroll Shop.
  6116 | D:6      | Bought a scroll of poison for 44 gold pieces
  6116 | D:6      | Bought a scroll of blinking for 82 gold pieces
  6116 | D:6      | Bought a scroll of brand weapon for 104 gold pieces
  6556 | D:7      | Found a hide-covered altar of Uskayaw.
  7119 | D:8      | Reached skill level 1 in Maces & Flails
  7321 | D:8      | Reached *** piety under Okawaru
  7399 | D:8      | Paralysed by a hornet for 2 turns
  7932 | D:7      | Reached XP level 10. HP: 78/86 MP: 9/12
  8069 | D:7      | Noticed Joseph
  8090 | D:7      | Killed Joseph
  8719 | D:9      | Identified the "Opotixky"
  8719 | D:9      | Noticed Maggie
  8728 | D:9      | Killed Maggie
  8748 | D:8      | HP: 1/88 [vampire (4)]
 10052 | D:9      | Reached **** piety under Okawaru
 10053 | D:9      | Reached skill level 5 in Maces & Flails
 10305 | D:9      | Found a glowing silver altar of Zin.
 10363 | D:9      | Reached XP level 11. HP: 95/95 MP: 14/14
 10453 | D:9      | Reached skill level 1 in Shapeshifting
 10546 | D:9      | Noticed a cyan ugly thing
 10546 | D:9      | Noticed a boulder beetle
 10562 | D:9      | Noticed a centaur warrior
 10596 | D:10     | Entered Level 10 of the Dungeon
 10851 | D:10     | Found a staircase to the Orcish Mines.
 10865 | D:10     | Noticed a two-headed ogre
 10882 | D:10     | Killed a two-headed ogre
 11827 | D:10     | Reached ***** piety under Okawaru
 12005 | D:11     | Found a staircase to the Lair.
 12006 | D:11     | Noticed Harold
 12017 | D:11     | Killed Harold
 12017 | D:11     | Received a gift from Okawaru
 12018 | D:11     | Reached skill level 5 in Invocations
 12684 | D:11     | Noticed a boulder beetle
 12714 | D:11     | Killed a boulder beetle
 12994 | D:11     | Noticed Maurice
 13002 | D:11     | Killed Maurice
 13003 | D:11     | Reached XP level 12. HP: 103/103 MP: 15/15
 13558 | D:12     | Reached skill level 10 in Armour
 13716 | D:12     | Received a gift from Okawaru
 13727 | D:12     | Reached skill level 1 in Stealth
 13958 | D:12     | Noticed a two-headed ogre
 13972 | D:12     | Killed a two-headed ogre
 14375 | D:12     | Reached skill level 1 in Throwing
 14750 | D:13     | Identified the of Vuriras
 14750 | Lair:1   | Entered Level 1 of the Lair of Beasts
 15343 | Lair:1   | Reached skill level 5 in Dodging
 15699 | Lair:1   | Noticed a death yak
 15699 | Lair:1   | Noticed a death yak
 15728 | Lair:1   | Killed a death yak
 15729 | Lair:1   | Reached skill level 10 in Axes
 15731 | Lair:1   | Killed a death yak
 15965 | Lair:2   | Received a gift from Okawaru
 16494 | Lair:2   | Noticed a boulder beetle
 16506 | Lair:2   | Killed a boulder beetle
 16615 | Lair:2   | Reached XP level 13. HP: 114/114 MP: 17/17
 16807 | Lair:2   | Found a staircase to the Snake Pit.
 17546 | Lair:3   | Noticed Amaemon
 17741 | Lair:3   | Killed Amaemon
 17956 | Lair:3   | Received a gift from Okawaru
 18526 | Lair:3   | Found a staircase to the Swamp.
 18986 | Lair:4   | Found a transporter.
 18990 | Lair:4   | Noticed Opifex's ghost (journeyman MiMo)
 19043 | Lair:4   | Found a staircase to the Slime Pits.
 19043 | Lair:4   | Found a viscous altar of Jiyva.
 19338 | Lair:4   | Found a transporter.
 19742 | Lair:5   | Entered Level 5 of the Lair of Beasts
 20277 | Lair:5   | Reached XP level 14. HP: 59/124 MP: 16/19
 20334 | Lair:5   | Reached ****** piety under Okawaru
 20347 | Lair:5   | Acquired the +8 orange crystal plate armour {Archmagi,
                  | Int+3 Clar}
 20347 | Lair:5   | Received a gift from Okawaru
 20347 | Lair:5   | Found the +8 orange crystal plate armour {Archmagi, Int+3
                  | Clar}
 20687 | Lair:5   | Received a gift from Okawaru
 21571 | D:13     | Noticed Azrael
 21580 | D:13     | HP: 6/124 [fire elemental[Azrael] (7)]
 21592 | D:13     | Killed Azrael
 22149 | D:13     | Found a shimmering blue altar of Sif Muna.
 22435 | D:13     | Found Yschar's Demolitions Depot.
 22854 | D:13     | Upgraded the game from 0.31-a0-963-ga325b2283a to
                  | 0.31-a0-965-g8a8ce12e04
 22854 | D:13     | Quit the game

Illustrated notes

Levels and vault maps discovered:
D:1:      dpeg_arrival_tiny_c, layout_rooms, kennysheep_flooded_box
D:2:      layout_basic, hellmonk_ecumenical_altar_leap_of_faith
D:3:      layout_basic, minmay_diced_spiral
D:4:      layout_rooms, minmay_temple_entry_gardened_gates,
          chequers_serial_rivers_marsh
D:5:      layout_basic, gup_sewer_entry_bubbles, uniq_grinder
D:6:      layout_basic, serial_shops, shop_scrolls,
          mainiacjoe_ossuary_entry_dusty_tomb, uniq_edmund, uniq_pikel
D:7:      layout_gridville, mainiacjoe_overflow_chevrons, uniq_joseph
D:8:      layout_rooms, minmay_misc_feat_diagonals, minmay_crystal_water
D:9:      layout_rooms, kennysheep_mini, minmay_misc_feat_encased,
          nicolae_rejected_hall, uniq_maggie
D:10:     argonaut_augean_stables, layout_basic, orc_0_dummy
D:11:     layout_roguey, lair_entry_dummy, uniq_harold, uniq_maurice
D:12:     layout_layer_cave
D:13:     evilmike_halls_of_destruction, layout_long_grid,
          nicolae_blasting_shop, led_sif_book, uniq_azrael
Temple:   mainiacjoe_temple_big_plus
Lair:1:   layout_concentric_octagons, lemuel_fruit_fields, lemuel_fruit_fields
Lair:2:   layout_gridlike, alex1729_snake_entry_snake, infiniplex_staircase_pool
Lair:3:   layout_misc_corridors, swamp_mist, uniq_amaemon
Lair:4:   layout_concentric_octagons, slime_entry_1, gammafunk_ghost_arena,
          nicolae_quartered_pool_little
Lair:5:   gammafunk_lair_ancient_temple, layout_cave_pods

Skill      XL: |  1  2  3  4  5  6  7  8  9 10 11 12 13 14 |
---------------+-------------------------------------------+-----
Fighting       | 3 4 5 6 7 8 9 |  9.1
Axes           | 2 3 4 5 6 7 9 10 11 12 | 12.1
Armour         | 4 5 6 7 9 11 12 | 12.8
Dodging        | 1 2 3 4 5 6 |  6.2
Shields        | 4 5 6 7 8 9 |  9.2
Invocations    | 1 2 3 4 5 7 |  7.5
Maces & Flails | 2 5 6 7 |  7.6
Shapeshifting  | 2 3 4 |  4.9
Stealth        | 1 |  1.4
Throwing       | 1 |  1.5

Action                     |  1- 3 |  4- 6 |  7- 9 | 10-12 | 13-15 || total
---------------------------+-------+-------+-------+-------+-------++-------
  Melee: War axe           |    82 |   119 |   361 |   428 |   542 ||  1532
         Tailslap          |     8 |    12 |    66 |    92 |   115 ||   293
         Morningstar       |       |       |   150 |   259 |    32 ||   441
  Throw: Dart              |       |    12 |    15 |    23 |    38 ||    88
         Boomerang         |       |       |       |       |     7 ||     7
 Invoke: Heroism           |       |       |    10 |    13 |    14 ||    37
         Finesse           |       |       |       |     2 |     2 ||     4
         Receive Armour    |       |       |       |       |     1 ||     1
  Evoke: Wand              |       |       |     1 |     4 |     3 ||     8
    Use: Scroll            |       |    10 |     4 |    13 |     3 ||    30
         Potion            |       |     1 |       |     3 |     2 ||     6
   Stab: Paralysed         |       |       |       |     4 |       ||     4
         Fleeing           |       |       |       |       |     1 ||     1
 Armour: Scale mail        |    55 |       |       |       |       ||    55
         Chain mail        |    12 |    50 |       |       |       ||    62
         Plate armour      |       |    88 |   613 |   786 |   449 ||  1936
         Crystal plate arm |       |       |       |       |   329 ||   329
  Dodge: Dodged            |    24 |    30 |   190 |   276 |   215 ||   735
  Block: Buckler           |    19 |    35 |   147 |   183 |   197 ||   581

Table legend: (Time is in decaauts)
 A = Elapsed time spent in this place.
 B = Non-inter-level travel time spent in this place.
 C = Inter-level travel time spent in this place.
 D = Time resting spent in this place.
 E = Time spent auto-exploring this place.
 F = Levels seen in this place.
 G = Mean time per level.
                   A        B        C        D        E       F      G
               +--------+--------+--------+--------+--------+-----+--------+
         Total |  22962 |  21929 |   1033 |   3990 |  13709 |  21 | 1093.4 |
       Dungeon |  15142 |  14504 |    638 |   3328 |   8380 |  13 | 1164.8 |
        Temple |     48 |     11 |     37 |      0 |      0 |   1 |   48.0 |
          Lair |   6667 |   6310 |    357 |    347 |   4909 |   5 | 1333.4 |
         Sewer |    461 |    461 |      0 |      0 |    246 |   1 |  461.0 |
       Ossuary |    642 |    642 |      0 |    314 |    174 |   1 |  642.0 |
               +--------+--------+--------+--------+--------+-----+--------+

Top non-repeatable levels by time:
     D:8: 2212 daAuts
  Lair:5: 1676 daAuts
    D:11: 1607 daAuts
  Lair:2: 1505 daAuts
    D:10: 1340 daAuts
    D:12: 1275 daAuts
    D:13: 1251 daAuts
  Lair:3: 1251 daAuts
  Lair:1: 1246 daAuts
     D:2: 1139 daAuts
     D:4: 1042 daAuts
     D:9: 1032 daAuts
     D:5: 1000 daAuts
  Lair:4: 988 daAuts
     D:7: 969 daAuts
